 Dungeon Crawl Stone Soup version 0.27.0-1-g7a089689b8 (webtiles) character file.

Game seed: 569676399694907281

4929 HoaS the Cruncher (level 10, 0/84 HPs)
             Began as a Gargoyle Gladiator on Aug 8, 2021.
             Was an Elder of Okawaru.
             Slain by a skeletal warrior (2 damage)
             ... led by a skeletal warrior
             ... on level 9 of the Dungeon.
             The game lasted 00:19:38 (9491 turns).

HoaS the Cruncher (Gargoyle Gladiator)              Turns: 9491, Time: 00:19:39

Health: 0/84       AC: 25    Str: 21    XL:     10   Next: 52%
Magic:  11/12      EV:  2    Int:  9    God:    Okawaru [****..]
Gold:   407        SH:  0    Dex: 11    Spells: 9/9 levels left

rFire    + . .     SeeInvis .   w - +1 quarterstaff (vorpal)
rCold    . . .     Faith    .   (shield currently unavailable)
rNeg     + + +     Spirit   .   (armour currently unavailable)
rPois    ∞         Reflect  .   (helmet currently unavailable)
rElec    .         Harm     .   (cloak currently unavailable)
rCorr    .         Rampage  .   (gloves currently unavailable)
Will     .....     NoTele   +   (boots currently unavailable)
Stlth    +++.......             (no amulet)
HPRegen  0.24/turn              t - ring of protection from fire
MPRegen  0.13/turn              v - ring of positive energy

@: tree-form, heroic, hasted, very quick
A: stationary, stasis, torment immunity, boosted hp, sickness immunity, AC +7,
negative energy resistance 1, (electricity resistance), torment resistance 1,
petrification resistance
a: Renounce Religion, Heroism


You were on level 9 of the Dungeon.
You worshipped Okawaru.
Okawaru was greatly pleased with you.
You were a tree.
You visited 2 branches of the dungeon, and saw 10 of its levels.

You collected 407 gold pieces.

Inventory:

Hand Weapons
 q - a +0 shortbow
 w - a +1 vorpal quarterstaff (weapon)
Missiles
 e - 280 arrows
Armour
 d - a +0 plate armour (melded)
 g - a +2 helmet of see invisible (melded)
 j - a +1 pair of gloves (melded)
Jewellery
 t - a ring of protection from fire (left branch)
 v - a ring of positive energy (right branch)
Wands
 f - a wand of paralysis (2)
 i - a wand of iceblast (6)
 k - a wand of digging (12)
 o - a wand of flame (10)
Scrolls
 h - 2 scrolls of fog
 s - a scroll of teleportation
Potions
 b - 3 potions of berserk rage {unknown}
 l - 5 potions of flight
 m - 2 potions of lignification
 n - a potion of ambrosia
 p - 2 potions of heal wounds {unknown}
 r - a potion of curing
 u - 3 potions of brilliance {unknown}


   Skills:
 * Level 3.2(8.2) Fighting
 - Level 14.0(19.0) Staves
 - Level 2.0(7.0) Bows
 - Level 1.7(6.7) Throwing
 + Level 1.3(6.3) Armour
 + Level 2.7(7.7) Dodging
 + Level 3.4 Invocations


You had 9 spell levels left.
You didn't know any spells.
Your spell library contained the following spells:

 Spells                   Type           Power      Damage    Failure   Level
 Magic Dart               Conj           0%         1d3       38%         1
 Sandblast                Erth           0%         2d4       38%         1
 Summon Small Mammal      Summ           0%         N/A       38%         1
 Passwall                 Tmut/Erth      0%         N/A       52%         2
 Searing Ray              Conj           0%         3d3       52%         2
 Call Canine Familiar     Summ           0%         N/A       77%         3
 Ozocubu's Armour         Ice            0%         N/A       77%         3
 Summon Guardian Golem    Hex/Summ       0%         N/A       77%         3
 Fulminant Prism          Conj/Hex       0%         3d6       99%         4
 Freezing Cloud           Conj/Ice/Air   0%         6-21      100%        5
 Lee's Rapid Deconstruct  Erth           0%         3d5*      100%        5
 Simulacrum               Ice/Necr       0%         N/A       100%        6
 Ozocubu's Refrigeration  Ice            0%         4d5       100%        7
 Polar Vortex             Ice            0%         N/A       100%        9


Dungeon Overview and Level Annotations

Branches:
Dungeon (9/15)             Temple (1/1) D:4
   Lair: D:8-11         Orc: D:9-12

Altars:
Ashenzari
Cheibriados
Dithmenos
Elyvilon
Fedhas
Gozag
Hepliaklqana
Kikubaaqudgha
Makhleb
Nemelex Xobeh
Okawaru
Qazlal
Ru
Sif Muna
Trog
Uskayaw
Vehumet
Wu Jian
Xom
Yredelemnul
Zin
The Shining One

Shops:
D:4 =   D:5 =*[?   D:8 *


Innate Abilities, Weirdness & Mutations

You are a tree.
Your roots penetrate the ground, keeping you stationary.
You cannot be teleported.
You are immune to unholy pain and torment.
Your maximum health is greatly increased.
Your equipment is partially melded.
You are immune to sickness and miasma.
((Your stone body is resilient. (AC +7)))
You are immune to poison.
You resist negative energy. (rN+)
((You are resistant to electric shocks. (rElec)))
You are resistant to unholy torment.
You are immune to petrification.


Message History

You closely miss the skeletal warrior.
The skeletal warrior is lightly damaged.
You hit the skeletal warrior.
The skeletal warrior is lightly damaged.
The skeletal warrior hits you with a +0 battleaxe.
You hit the skeletal warrior.
The skeletal warrior is moderately damaged.
You hit the skeletal warrior but do no damage.
The skeletal warrior is moderately damaged.
You hit the skeletal warrior but do no damage.
The skeletal warrior is moderately damaged.
The skeletal warrior barely misses you.
You hit the skeletal warrior but do no damage.
The skeletal warrior is moderately damaged.
You hit the skeletal warrior.
The skeletal warrior is moderately damaged.
The skeletal warrior misses you.
You hit the skeletal warrior.
The skeletal warrior is moderately damaged.
You closely miss the skeletal warrior.
The skeletal warrior is moderately damaged.
The skeletal warrior hits you with a +0 battleaxe!
* * * LOW HITPOINT WARNING * * *
You thump the skeletal warrior!
The skeletal warrior is heavily damaged.
Really quaff the potion of lignification?
You turn into a tree.
Your +2 helmet of see invisible melds into your body.
Your +1 pair of gloves melds into your body.
Your +0 plate armour melds into your body.
You feel less perceptive.
Your roots penetrate the ground.
The skeletal warrior hits you but does no damage.
You closely miss the skeletal warrior.
The skeletal warrior is heavily damaged.
You barely miss the skeletal warrior.
The skeletal warrior is heavily damaged.
You barely miss the skeletal warrior.
The skeletal warrior is heavily damaged.
The skeletal warrior hits you with a +0 battleaxe.
You die...

........# #.#.....##.#
........## #.#....#...#
.........# #..#.. ...# #..
#........# #...## ...#...(
#....##..# #....###.....(..
##..####.###....#..#.....$.
### #.......#....# .....
#.....##.....#......
#........♣z...!.....
##.......#####......
#..>....# .....# #.......#
...## #.......# ..##
##....... ## .#......
######


You could see a skeletal warrior.

Vanquished Creatures
  Psyche (D:8)
  7 yaks
  A wyvern (D:9)
  3 water moccasins
  3 orc warriors
  2 sky beasts (D:7)
  An ice beast (D:6)
  A black bear (D:6)
  A necrophage (D:4)
  3 ogres
  8 centaurs
  2 kobold brigands
  3 bullfrogs
  2 wyvern zombies
  A water moccasin skeleton (D:4)
  3 killer bees (D:9)
  2 electric eels (D:7)
  A centaur zombie (D:6)
  6 jellies
  An orc priest (D:4)
  3 hounds
  Ijyb (D:3)
  Jessica (D:2)
  4 iguanas
  Natasha (twice) (D:2)
  2 orc wizards
  Terence (D:2)
  A killer bee zombie (D:7)
  A hound skeleton (D:4)
  Robin (D:2)
  6 gnolls
  2 howler monkey skeletons
  A howler monkey zombie (D:9)
  9 adders
  An ufetubus (D:5)
  An adder skeleton (D:4)
  A worm (D:2)
  15 orcs
  5 ball pythons
  5 bats
  7 endoplasms
  3 giant cockroaches
  16 goblins
  4 hobgoblins
  2 jackals (D:1)
  11 kobolds
  4 quokkas
  A frilled lizard (D:2)
  A quokka skeleton (D:4)
  3 rats
167 creatures vanquished.

Notes
Turn   | Place    | Note
-------+----------+-------------------------------------------
     0 | D:1      | HoaS the Gargoyle Gladiator began the quest for the Orb.
     0 | D:1      | Reached XP level 1. HP: 12/12 MP: 1/1
   371 | D:1      | Reached XP level 2. HP: 14/17 MP: 2/2
   587 | D:1      | Reached skill level 4 in Staves
   845 | D:1      | Reached XP level 3. HP: 21/21 MP: 3/3
   895 | D:1      | Found a faded altar of an unknown god.
  1635 | D:2      | Noticed Robin
  1969 | D:2      | Noticed Jessica
  1977 | D:2      | Killed Jessica
  1978 | D:2      | Reached skill level 5 in Staves
  1978 | D:2      | Reached XP level 4. HP: 26/26 MP: 4/4
  2000 | D:2      | Killed Robin
  2144 | D:2      | Noticed Terence
  2172 | D:2      | Killed Terence
  2173 | D:2      | Reached XP level 5. HP: 20/30 MP: 5/5
  2439 | D:2      | Noticed Natasha
  2445 | D:2      | Killed Natasha
  2446 | D:2      | Reached skill level 6 in Staves
  2588 | D:2      | Noticed Natasha
  2596 | D:2      | Killed Natasha
  2745 | D:3      | Noticed Ijyb
  2751 | D:3      | Paralysed by Ijyb for 3 turns
  2755 | D:3      | Paralysed by Ijyb for 4 turns
  2769 | D:3      | Paralysed by Ijyb for 6 turns
  2776 | D:3      | Killed Ijyb
  2777 | D:3      | Reached XP level 6. HP: 31/35 MP: 6/6
  3229 | D:3      | Found a sparkling altar of Nemelex Xobeh.
  3456 | D:4      | Reached skill level 7 in Staves
  3480 | D:4      | Found a staircase to the Ecumenical Temple.
  3489 | Temple   | Entered the Ecumenical Temple
  3728 | Temple   | Became a worshipper of Warmaster Okawaru
  3944 | D:4      | Noticed an orc warrior
  3988 | D:4      | Killed an orc warrior
  3989 | D:4      | Reached skill level 1 in Invocations
  3989 | D:4      | Reached XP level 7. HP: 31/40 MP: 7/7
  3999 | D:4      | Reached skill level 1 in Bows
  4373 | D:3      | Reached skill level 8 in Staves
  4783 | D:4      | Reached * piety under Okawaru
  4797 | D:4      | Found Xyusm's Jewellery Emporium.
  4809 | D:5      | Entered Level 5 of the Dungeon
  4812 | D:5      | Found Doijosuf's Jewellery Shop.
  4824 | D:5      | Found Katymie's Antique Armour Shop.
  4824 | D:5      | Found Vuxuden's Assorted Antiques.
  4826 | D:5      | Found Gahyrch's Magic Scroll Shop.
  4907 | D:5      | Reached XP level 8. HP: 19/44 MP: 10/10
  5522 | D:5      | Reached skill level 9 in Staves
  6003 | D:6      | Reached skill level 10 in Staves
  6599 | D:6      | Reached XP level 9. HP: 48/48 MP: 11/11
  6690 | D:7      | Reached skill level 11 in Staves
  6783 | D:7      | Reached ** piety under Okawaru
  7309 | D:7      | Reached skill level 12 in Staves
  7659 | D:8      | Reached *** piety under Okawaru
  7998 | D:8      | Noticed Psyche
  8008 | D:8      | Killed Psyche
  8009 | D:8      | Reached skill level 13 in Staves
  8009 | D:8      | Reached XP level 10. HP: 43/53 MP: 12/12
  8175 | D:8      | Found Itubb's General Store.
  8913 | D:9      | Reached **** piety under Okawaru
  9162 | D:9      | Reached skill level 14 in Staves
  9337 | D:9      | Reached skill level 1 in Armour
  9463 | D:9      | Noticed a skeletal warrior
  9486 | D:9      | HP: 1/56 [skeletal warrior[a skeletal warrior] (15)]
  9491 | D:9      | Slain by a skeletal warrior

Illustrated notes

Levels and vault maps discovered:
D:1:      pf_arrival_petrified_forest, layout_basic,
          shapermc_ecumenical_altar_flowoftime
D:2:      layout_basic, uniq_jessica, uniq_natasha, uniq_robin, uniq_terence
D:3:      layout_basic, overflow_temple_1_default, chequers_garden, uniq_ijyb
D:4:      layout_cave_pods, minmay_temple_entry_sparse_star, serial_shops,
          kennysheep_mini, guppyfry_early_orc_mine
D:5:      layout_basic, minmay_shop_grid_forest, serial_park_tiny_2
D:6:      layout_rooms
D:7:      layout_gridville, amcnicky_mini_pool_medium
D:8:      layout_loops_corners, serial_shops, nicolae_shop_waterfront,
          grunt_ministairs_4, uniq_psyche
D:9:      layout_cave_pods, minmay_misc_feat_chi
Temple:   kilobyte_greek_temple

Skill      XL: |  1  2  3  4  5  6  7  8  9 10 |
---------------+-------------------------------+-----
Staves         | 4 5 6 7 8 10 13 14 | 14.0
Invocations    | 1 2 3 |  3.4
Bows           | 2 |  2.0
Fighting       | 3 |  3.2
Armour         | 1 |  1.3
Throwing       | |  1.7
Dodging        | |  2.7

Action                   |  1- 3 |  4- 6 |  7- 9 | 10-12 || total
-------------------------+-------+-------+-------+-------++-------
Melee: Quarterstaff      |   125 |   173 |   298 |   163 ||   759
       Unarmed           |       |     1 |       |       ||     1
 Fire: Shortbow          |       |       |       |     2 ||     2
Throw: Throwing net      |       |     4 |     2 |       ||     6
Invok: Heroism           |       |       |     1 |     1 ||     2
Evoke: Wand              |       |     3 |       |       ||     3
  Use: Scroll            |       |       |    17 |       ||    17
       Potion            |       |       |       |     2 ||     2
 Stab: Paralysed         |       |     9 |       |       ||     9
       Held in net/web   |       |     1 |     1 |       ||     2
Armor: Leather armour    |    19 |       |       |       ||    19
       Scale mail        |    50 |    32 |       |       ||    82
       Chain mail        |       |    53 |     6 |       ||    59
       Plate armour      |       |       |   158 |    80 ||   238
       Skin              |       |       |       |     1 ||     1
Dodge: Dodged            |    61 |    57 |    81 |    37 ||   236
